Panthers vs Senators

Created - January 6 2012 at 18:03

Goals
1 2 3 OT1 SO T
Panthers 0 1 1 0 1 3
Senators 1 1 0 0 0 2
Shots
1 2 3 OT1 SO T
Panthers 7 5 4 1 3 17
Senators 7 14 5 2 3 28

Period #1

1. Senators , John Tavares 21 (Nicklas Lidstrom, Claude Giroux) at 4:50

Penalties :
Brian Rafalski (OTT) for Roughing (Double Minor) at 5:21, Ryan Smyth (FLA) for High sticking (Minor) at 5:21, Dion Phaneuf (OTT) for Tripping (Minor) at 10:44, Jamie Benn (OTT) for Hooking (Minor) at 16:39, Dion Phaneuf (OTT) for Tripping (Minor) at 16:55

Period #2

2. Panthers , Dave Bolland 16 (Sam Gagner, Corey Crawford) at 2:54 (PP)
3. Senators , Brad Boyes 14 (Jamie Benn, Jason Spezza) at 14:58 (PP)

Penalties :
Claude Giroux (OTT) for Goalie Interference (Minor) at 2:42, Jamie Benn (OTT) for Interference (Minor) at 3:49, Andy Greene (FLA) for Hooking (Minor) at 7:57, Luca Sbisa (FLA) for Cross-checking (Minor) at 14:27, Luca Sbisa (FLA) for Goalie Interference (Minor) at 18:55, Anton Volchenkov (FLA) for Holding (Minor) at 19:00

Period #3

4. Panthers , Matt Cullen 10 (Andy Greene, Andrew Brunette) at 7:30 (PP)

Penalties :
Jamie Benn (OTT) for Hooking (Minor) at 6:54, Nick Foligno (OTT) for Hooking (Minor) at 9:46, Mike Santorelli (FLA) for Roughing (Minor) at 17:17

Overtime #1

No Goal

Penalties :
No Penalty

Shootout

Penalty Shot by Ryan Smyth for Panthers - Stopped by Brian Boucher
Penalty Shot by Dion Phaneuf for Senators - Shot Misses the Net
Penalty Shot by Dave Bolland for Panthers - Shot Misses the Net
Penalty Shot by John Tavares for Senators - Stopped by Corey Crawford
Penalty Shot by Matt Cullen for Panthers - Goal!
Penalty Shot by Jason Spezza for Senators - Stopped by Corey Crawford

Penalties :
No Penalty

Goalie Stats

Corey Crawford (FLA), 26 saves from 28 shots - (0.929), W, 16-21-2, 65:00 minutes
Brian Boucher (OTT), 15 saves from 17 shots - (0.882), OTL, 2-2-2, 65:00 minutes

Players Stats

Panthers
Player Name              G  A  P  +/- PIM S  H  SB FO    MP 
------------------------------------------------------------
Andrew Brunette          0  1  1   0  0   3  0  0  3/3   18 
Andy Greene              0  1  1  -1  2   0  0  4  0/0   24 
Anton Volchenkov         0  0  0   0  2   0  1  1  0/0   19 
Chris Drury              0  0  0  -1  0   2  1  0  10/17 20 
Dave Bolland             1  0  1   0  0   1  2  1  10/21 23 
David Steckel            0  0  0   0  0   0  0  0  3/7   7  
Dustin Penner            0  0  0   0  0   1  1  0  4/12  10 
Jason Blake              0  0  0   0  0   0  0  0  0/0   12 
Jason Garrison           0  0  0   0  0   1  1  2  0/0   26 
John-Michael Liles       0  0  0   0  0   0  0  0  0/0   2  
Luca Sbisa               0  0  0   0  4   0  4  2  0/0   24 
Matt Cullen              1  0  1  -1  0   2  1  1  5/12  24 
Mike Santorelli          0  0  0  -1  2   3  1  0  0/1   17 
Nick Palmieri            0  0  0   0  0   0  0  0  1/1   16 
Patrik Berglund          0  0  0   0  0   0  0  0  0/0   0  
Ryan OByrne              0  0  0  -1  0   0  5  0  0/0   26 
Ryan Smyth               0  0  0   0  2   2  0  0  6/10  23 
Sam Gagner               0  1  1   0  0   2  0  0  0/1   18 
Senators
Player Name              G  A  P  +/- PIM S  H  SB FO    MP 
------------------------------------------------------------
Andreas Lilja            0  0  0   0  0   0  3  1  0/0   18 
Brad Boyes               1  0  1   0  0   4  0  0  0/3   20 
Brian Rafalski           0  0  0   0  4   2  0  0  0/0   21 
Claude Giroux            0  1  1   1  2   5  5  0  1/1   20 
Cory Stillman            0  0  0   0  0   1  2  0  0/0   14 
Craig Conroy             0  0  0   0  0   0  3  0  5/11  12 
Derek Morris             0  0  0   0  0   0  1  1  0/0   20 
Dion Phaneuf             0  0  0   0  4   1  4  1  0/0   24 
Jamie Benn               0  1  1   1  6   5  1  0  0/0   19 
Jan Hejda                0  0  0   1  0   0  0  1  0/0   23 
Jarkko Ruutu             0  0  0   0  0   0  0  0  0/0   6  
Jason Spezza             0  1  1   0  0   1  0  0  17/28 20 
Joffrey Lupul            0  0  0   0  0   3  1  0  1/1   11 
John Tavares             1  0  1   1  0   5  0  0  15/29 20 
Nick Foligno             0  0  0   0  2   0  5  0  0/1   16 
Nicklas Lidstrom         0  1  1   1  0   0  1  0  0/0   21 
Nikita Filatov           0  0  0   0  0   0  0  0  0/0   6  
Ryan Johnson             0  0  0   0  0   1  1  1  4/11  13 

3 Stars

1 - Dave Bolland (FLA)
2 - John Tavares (OTT)
3 - Brad Boyes (OTT)

Power Play

Panthers - 2 on 8 Attempt(s) - 25.00%
Senators - 1 on 5 Attempt(s) - 20.00%

Penalty Kill

Panthers - 4 on 5 Attempt(s) - 80.00% - Score 0 goal in Penalty Kill
Senators - 6 on 8 Attempt(s) - 75.00% - Score 0 goal in Penalty Kill

Game Notes

No Game Note

Finance

Level 1 -- Attendance: 5254 (80.83%) -- Ticket Income $525,400.00
Level 2 -- Attendance: 3929 (78.58%) -- Ticket Income $235,740.00
Level 3 -- Attendance: 3040 (86.86%) -- Ticket Income $106,400.00
Level 4 -- Attendance: 1696 (53.79%) -- Ticket Income $50,880.00
Luxury Box -- Attendance: 589 (58.90%) -- Ticket Income $147,250.00
Game was played at the Scotiabank Place
Total Attendance: 14508 (75.75%)
Total Ticket Income: $1,167,392.00
Other Income: $219,065.10
Total Income: $1,386,457.00


Play by Play

Period #1

0:01 of 1st period - Dave Bolland wins face-off versus John Tavares in neutral zone.
0:12 of 1st period - Shot by Jamie Benn.
0:12 of 1st period - Stopped by Corey Crawford with a rebound.
0:14 of 1st period - Shot by Jan Hejda.
0:14 of 1st period - Shot Misses the Net.
0:16 of 1st period - Shot by Jamie Benn.
0:16 of 1st period - Shot Misses the Net.
0:18 of 1st period - Shot by Jamie Benn.
0:18 of 1st period - Stopped by Corey Crawford with a rebound.
0:20 of 1st period - Shot by Jamie Benn.
0:20 of 1st period - Shot Blocked by Jason Garrison.
0:22 of 1st period - Shot by Claude Giroux.
0:22 of 1st period - Stopped by Corey Crawford without a rebound.
0:23 of 1st period - Jason Spezza wins face-off versus Chris Drury in Panthers zone.
0:34 of 1st period - Shot by Matt Cullen.
0:34 of 1st period - Shot Misses the Net.
0:50 of 1st period - Shot by Mike Santorelli.
0:50 of 1st period - Stopped by Brian Boucher with a rebound.
1:01 of 1st period - Jason Spezza is hit by Ryan OByrne and loses puck.
1:59 of 1st period - Icing by Jason Garrison.
2:00 of 1st period - Ryan Johnson wins face-off versus Dave Bolland in Panthers zone.
2:26 of 1st period - Off-side.
2:27 of 1st period - Jason Spezza wins face-off versus Dustin Penner in neutral zone.
2:27 of 1st period - Brian Rafalski is hit by Luca Sbisa and loses puck.
2:37 of 1st period - Brian Rafalski is hit by Dustin Penner and loses puck.
2:48 of 1st period - Shot by Jason Spezza.
2:48 of 1st period - Shot Blocked by Luca Sbisa.
2:53 of 1st period - Shot by Dion Phaneuf.
2:53 of 1st period - Stopped by Corey Crawford without a rebound.
2:54 of 1st period - Chris Drury wins face-off versus Craig Conroy in Panthers zone.
2:54 of 1st period - Chris Drury is hit by Nick Foligno.
2:59 of 1st period - Matt Cullen is hit by Andreas Lilja and loses puck.
3:26 of 1st period - Shot by Derek Morris.
3:26 of 1st period - Shot Blocked by Andy Greene.
3:54 of 1st period - Shot by Sam Gagner.
3:54 of 1st period - Stopped by Brian Boucher without a rebound.
3:55 of 1st period - Dustin Penner wins face-off versus Jason Spezza in Senators zone.
3:55 of 1st period - Dustin Penner is hit by Dion Phaneuf.
4:12 of 1st period - Icing by Anton Volchenkov.
4:13 of 1st period - Dustin Penner wins face-off versus John Tavares in Panthers zone.
4:13 of 1st period - Dustin Penner is hit by Claude Giroux.
4:50 of 1st period - Shot by John Tavares.
4:50 of 1st period - Goal by John Tavares - Panthers : 0 - Senators : 1.
4:51 of 1st period - Jason Spezza wins face-off versus Dave Bolland in neutral zone.
4:51 of 1st period - Brad Boyes is hit by Dave Bolland.
5:21 of 1st period - Double Minor Penalty to Brian Rafalski for Roughing.
5:21 of 1st period - Minor Penalty to Ryan Smyth for High sticking.
5:22 of 1st period - Matt Cullen wins face-off versus Jason Spezza in Senators zone.
7:15 of 1st period - Shot by Jason Spezza.
7:15 of 1st period - Shot Misses the Net.
7:19 of 1st period - Shot by Claude Giroux.
7:19 of 1st period - Shot Blocked by Andy Greene.
7:52 of 1st period - Off-side.
7:53 of 1st period - Chris Drury wins face-off versus Ryan Johnson in neutral zone.
9:18 of 1st period - Shot by Andrew Brunette.
9:18 of 1st period - Stopped by Brian Boucher with a rebound.
9:20 of 1st period - Shot by Andrew Brunette.
9:20 of 1st period - Stopped by Brian Boucher with a rebound.
9:24 of 1st period - Shot by Dustin Penner.
9:24 of 1st period - Shot Misses the Net.
9:37 of 1st period - Shot by Jason Spezza.
9:37 of 1st period - Shot Misses the Net.
9:42 of 1st period - Off-side.
9:43 of 1st period - David Steckel wins face-off versus John Tavares in neutral zone.
9:47 of 1st period - Andrew Brunette is hit by Nicklas Lidstrom and loses puck.
9:54 of 1st period - David Steckel is hit by Claude Giroux.
10:28 of 1st period - Ryan OByrne is hit by Dion Phaneuf and loses puck.
10:44 of 1st period - Minor Penalty to Dion Phaneuf for Tripping.
10:45 of 1st period - Craig Conroy wins face-off versus Dave Bolland in Senators zone.
12:28 of 1st period - Shot by Andy Greene.
12:28 of 1st period - Shot Blocked by Ryan Johnson.
13:11 of 1st period - Shot by Brad Boyes.
13:11 of 1st period - Stopped by Corey Crawford without a rebound.
13:12 of 1st period - Dave Bolland wins face-off versus John Tavares in Panthers zone.
13:35 of 1st period - Icing by John Tavares.
13:36 of 1st period - Dustin Penner wins face-off versus John Tavares in Senators zone.
13:49 of 1st period - Icing by Ryan OByrne.
13:50 of 1st period - Ryan Johnson wins face-off versus Dustin Penner in Panthers zone.
13:51 of 1st period - Shot by Joffrey Lupul.
13:51 of 1st period - Shot Blocked by Luca Sbisa.
14:20 of 1st period - Luca Sbisa is hit by Ryan Johnson and loses puck.
15:02 of 1st period - Icing by Brian Rafalski.
15:03 of 1st period - Jason Spezza wins face-off versus Dave Bolland in Senators zone.
15:37 of 1st period - Icing by John Tavares.
15:38 of 1st period - John Tavares wins face-off versus Chris Drury in Senators zone.
15:53 of 1st period - Shot by John Tavares.
15:53 of 1st period - Stopped by Corey Crawford without a rebound.
15:54 of 1st period - Chris Drury wins face-off versus Craig Conroy in Panthers zone.
16:09 of 1st period - Shot by Dave Bolland.
16:09 of 1st period - Shot Blocked by Derek Morris.
16:15 of 1st period - Chris Drury is hit by Craig Conroy and loses puck.
16:39 of 1st period - Minor Penalty to Jamie Benn for Hooking.
16:40 of 1st period - Andrew Brunette wins face-off versus Ryan Johnson in Senators zone.
16:55 of 1st period - Minor Penalty to Dion Phaneuf for Tripping.
16:56 of 1st period - Andrew Brunette wins face-off versus Ryan Johnson in Senators zone.
17:05 of 1st period - Shot by Sam Gagner.
17:05 of 1st period - Shot Misses the Net.
17:09 of 1st period - Shot by Ryan Smyth.
17:09 of 1st period - Shot Misses the Net.
17:11 of 1st period - Shot by Ryan Smyth.
17:11 of 1st period - Stopped by Brian Boucher without a rebound.
17:12 of 1st period - Chris Drury wins face-off versus Craig Conroy in Senators zone.
17:23 of 1st period - Craig Conroy is hit by Matt Cullen and loses puck.
18:11 of 1st period - Shot by Jason Garrison.
18:11 of 1st period - Shot Blocked by Jan Hejda.
18:13 of 1st period - Shot by Ryan Smyth.
18:13 of 1st period - Shot Misses the Net.
18:17 of 1st period - Shot by Jason Garrison.
18:17 of 1st period - Shot Misses the Net.
18:19 of 1st period - Shot by Luca Sbisa.
18:19 of 1st period - Shot Misses the Net.
18:23 of 1st period - Shot by Andrew Brunette.
18:23 of 1st period - Stopped by Brian Boucher with a rebound.
19:53 of 1st period - Shot by Andrew Brunette.
19:53 of 1st period - Shot Misses the Net.
19:55 of 1st period - Shot by Ryan Smyth.
19:55 of 1st period - Stopped by Brian Boucher without a rebound.
19:56 of 1st period - Claude Giroux wins face-off versus Chris Drury in Senators zone.

Period #2

0:01 of 2nd period - John Tavares wins face-off versus Dave Bolland in neutral zone.
0:04 of 2nd period - Shot by Jamie Benn.
0:04 of 2nd period - Shot Misses the Net.
0:33 of 2nd period - Shot by Dave Bolland.
0:33 of 2nd period - Shot Misses the Net.
0:35 of 2nd period - Shot by Jason Garrison.
0:35 of 2nd period - Shot Misses the Net.
0:37 of 2nd period - Shot by Sam Gagner.
0:37 of 2nd period - Stopped by Brian Boucher without a rebound.
0:38 of 2nd period - Jason Spezza wins face-off versus Chris Drury in Senators zone.
0:52 of 2nd period - Off-side.
0:53 of 2nd period - David Steckel wins face-off versus Ryan Johnson in neutral zone.
1:18 of 2nd period - Icing by Ryan OByrne.
1:19 of 2nd period - David Steckel wins face-off versus Jason Spezza in Panthers zone.
2:39 of 2nd period - Shot by Claude Giroux.
2:39 of 2nd period - Stopped by Corey Crawford with a rebound.
2:42 of 2nd period - Minor Penalty to Claude Giroux for Goalie Interference.
2:43 of 2nd period - Craig Conroy wins face-off versus Dave Bolland in Senators zone.
2:54 of 2nd period - Shot by Dave Bolland.
2:54 of 2nd period - Goal by Dave Bolland - Panthers : 1 - Senators : 1.
2:55 of 2nd period - Dustin Penner wins face-off versus Ryan Johnson in neutral zone.
2:55 of 2nd period - Dustin Penner is hit by Nick Foligno.
3:09 of 2nd period - Jason Blake is hit by Nick Foligno and loses puck.
3:22 of 2nd period - Shot by Joffrey Lupul.
3:22 of 2nd period - Stopped by Corey Crawford without a rebound.
3:23 of 2nd period - John Tavares wins face-off versus Chris Drury in Panthers zone.
3:31 of 2nd period - Icing by Andy Greene.
3:32 of 2nd period - Jason Spezza wins face-off versus Matt Cullen in Panthers zone.
3:44 of 2nd period - Off-side.
3:45 of 2nd period - John Tavares wins face-off versus Dave Bolland in neutral zone.
3:49 of 2nd period - Minor Penalty to Jamie Benn for Interference.
3:50 of 2nd period - Ryan Johnson wins face-off versus Dave Bolland in Senators zone.
4:56 of 2nd period - Craig Conroy is hit by Mike Santorelli and loses puck.
5:10 of 2nd period - Icing by Anton Volchenkov.
5:11 of 2nd period - Dave Bolland wins face-off versus Craig Conroy in Panthers zone.
6:39 of 2nd period - Shot by John Tavares.
6:39 of 2nd period - Deflect By Jamie Benn.
6:39 of 2nd period - Stopped by Corey Crawford without a rebound.
6:40 of 2nd period - Chris Drury wins face-off versus Craig Conroy in Panthers zone.
6:47 of 2nd period - Shot by Mike Santorelli.
6:47 of 2nd period - Shot Blocked by Andreas Lilja.
6:49 of 2nd period - Shot by Mike Santorelli.
6:49 of 2nd period - Shot Misses the Net.
6:51 of 2nd period - Shot by Andy Greene.
6:51 of 2nd period - Deflect By Mike Santorelli.
6:51 of 2nd period - Stopped by Brian Boucher without a rebound.
6:52 of 2nd period - John Tavares wins face-off versus Dave Bolland in Senators zone.
7:54 of 2nd period - Shot by Joffrey Lupul.
7:54 of 2nd period - Shot Blocked by Andy Greene.
7:56 of 2nd period - Shot by Ryan Johnson.
7:56 of 2nd period - Stopped by Corey Crawford with a rebound.
7:57 of 2nd period - Minor Penalty to Andy Greene for Hooking.
7:58 of 2nd period - Matt Cullen wins face-off versus Brad Boyes in Panthers zone.
8:07 of 2nd period - Matt Cullen is hit by Jamie Benn and loses puck.
8:16 of 2nd period - Shot by Brian Rafalski.
8:16 of 2nd period - Stopped by Corey Crawford without a rebound.
8:17 of 2nd period - John Tavares wins face-off versus Matt Cullen in Panthers zone.
8:28 of 2nd period - Shot by John Tavares.
8:28 of 2nd period - Stopped by Corey Crawford without a rebound.
8:29 of 2nd period - Jason Spezza wins face-off versus Matt Cullen in Panthers zone.
8:32 of 2nd period - Shot by Jason Spezza.
8:32 of 2nd period - Shot Misses the Net.
8:36 of 2nd period - Shot by Jamie Benn.
8:36 of 2nd period - Deflect By Brad Boyes.
8:36 of 2nd period - Stopped by Corey Crawford without a rebound.
8:37 of 2nd period - Ryan Smyth wins face-off versus John Tavares in Panthers zone.
8:46 of 2nd period - Jason Garrison is hit by Claude Giroux and loses puck.
8:53 of 2nd period - Shot by John Tavares.
8:53 of 2nd period - Shot Misses the Net.
8:55 of 2nd period - Shot by Claude Giroux.
8:55 of 2nd period - Stopped by Corey Crawford with a rebound.
9:41 of 2nd period - Shot by Brian Rafalski.
9:41 of 2nd period - Shot Blocked by Anton Volchenkov.
9:43 of 2nd period - Shot by Brian Rafalski.
9:43 of 2nd period - Stopped by Corey Crawford without a rebound.
9:44 of 2nd period - Joffrey Lupul wins face-off versus Matt Cullen in Panthers zone.
10:18 of 2nd period - Matt Cullen is hit by Andreas Lilja and loses puck.
10:21 of 2nd period - Shot by Mike Santorelli.
10:21 of 2nd period - Stopped by Brian Boucher without a rebound.
10:22 of 2nd period - Jason Spezza wins face-off versus Dustin Penner in Senators zone.
11:16 of 2nd period - Andreas Lilja is hit by Chris Drury and loses puck.
11:26 of 2nd period - Joffrey Lupul is hit by Anton Volchenkov and loses puck.
11:35 of 2nd period - Shot by Ryan Johnson.
11:35 of 2nd period - Shot Misses the Net.
11:37 of 2nd period - Shot by Derek Morris.
11:37 of 2nd period - Shot Blocked by Matt Cullen.
12:25 of 2nd period - Shot by Claude Giroux.
12:25 of 2nd period - Stopped by Corey Crawford without a rebound.
12:26 of 2nd period - Jason Spezza wins face-off versus Dustin Penner in Panthers zone.
12:30 of 2nd period - Icing by Luca Sbisa.
12:31 of 2nd period - Jason Spezza wins face-off versus Dustin Penner in Panthers zone.
12:41 of 2nd period - Cory Stillman is hit by Luca Sbisa and loses puck.
14:06 of 2nd period - Icing by Chris Drury.
14:07 of 2nd period - John Tavares wins face-off versus Dave Bolland in Panthers zone.
14:27 of 2nd period - Minor Penalty to Luca Sbisa for Cross-checking.
14:28 of 2nd period - Jason Spezza wins face-off versus Matt Cullen in Panthers zone.
14:42 of 2nd period - Icing by Brian Rafalski.
14:43 of 2nd period - Ryan Smyth wins face-off versus Jason Spezza in Senators zone.
14:56 of 2nd period - Shot by Jamie Benn.
14:56 of 2nd period - Shot Blocked by Jason Garrison.
14:58 of 2nd period - Shot by Brad Boyes.
14:58 of 2nd period - Goal by Brad Boyes - Panthers : 1 - Senators : 2.
14:59 of 2nd period - Craig Conroy wins face-off versus Dustin Penner in neutral zone.
15:58 of 2nd period - Shot by Jamie Benn.
15:58 of 2nd period - Stopped by Corey Crawford without a rebound.
15:59 of 2nd period - Chris Drury wins face-off versus Brad Boyes in Panthers zone.
15:59 of 2nd period - Chris Drury is hit by Cory Stillman.
16:04 of 2nd period - Mike Santorelli is hit by Dion Phaneuf and loses puck.
16:09 of 2nd period - Shot by Matt Cullen.
16:09 of 2nd period - Deflect By Chris Drury.
16:09 of 2nd period - Shot Misses the Net.
16:11 of 2nd period - Shot by Ryan OByrne.
16:11 of 2nd period - Shot Blocked by Dion Phaneuf.
16:15 of 2nd period - Shot by Chris Drury.
16:15 of 2nd period - Shot Misses the Net.
16:46 of 2nd period - Off-side.
16:47 of 2nd period - John Tavares wins face-off versus David Steckel in neutral zone.
17:25 of 2nd period - Shot by Jamie Benn.
17:25 of 2nd period - Stopped by Corey Crawford without a rebound.
17:26 of 2nd period - Dave Bolland wins face-off versus Ryan Johnson in Panthers zone.
17:26 of 2nd period - Dave Bolland is hit by Joffrey Lupul.
17:34 of 2nd period - Icing by Derek Morris.
17:35 of 2nd period - Dave Bolland wins face-off versus Nick Foligno in Senators zone.
17:41 of 2nd period - Dave Bolland is hit by Derek Morris and loses puck.
17:44 of 2nd period - Shot by Jason Garrison.
17:44 of 2nd period - Stopped by Brian Boucher without a rebound.
17:45 of 2nd period - Craig Conroy wins face-off versus Matt Cullen in Senators zone.
18:12 of 2nd period - Andy Greene is hit by Craig Conroy and loses puck.
18:29 of 2nd period - Chris Drury is hit by Cory Stillman and loses puck.
18:53 of 2nd period - Shot by Jason Spezza.
18:53 of 2nd period - Deflect By Cory Stillman.
18:53 of 2nd period - Stopped by Corey Crawford without a rebound.
18:54 of 2nd period - John Tavares wins face-off versus Dustin Penner in Panthers zone.
18:54 of 2nd period - John Tavares is hit by Jason Garrison.
18:55 of 2nd period - Minor Penalty to Luca Sbisa for Goalie Interference.
18:56 of 2nd period - John Tavares wins face-off versus Ryan Smyth in Panthers zone.
19:00 of 2nd period - Minor Penalty to Anton Volchenkov for Holding.
19:01 of 2nd period - Ryan Smyth wins face-off versus John Tavares in Panthers zone.

Period #3

0:01 of 3rd period - John Tavares wins face-off versus Ryan Smyth in neutral zone.
0:22 of 3rd period - Shot by Claude Giroux.
0:22 of 3rd period - Shot Misses the Net.
0:24 of 3rd period - Shot by Joffrey Lupul.
0:24 of 3rd period - Shot Misses the Net.
0:26 of 3rd period - Shot by Joffrey Lupul.
0:26 of 3rd period - Stopped by Corey Crawford without a rebound.
0:27 of 3rd period - Jason Spezza wins face-off versus Dave Bolland in Panthers zone.
1:41 of 3rd period - Derek Morris is hit by Luca Sbisa and loses puck.
2:11 of 3rd period - Icing by Andy Greene.
2:12 of 3rd period - Matt Cullen wins face-off versus John Tavares in Panthers zone.
2:23 of 3rd period - Shot by John Tavares.
2:23 of 3rd period - Shot Blocked by Andy Greene.
2:27 of 3rd period - Shot by John Tavares.
2:27 of 3rd period - Stopped by Corey Crawford without a rebound.
2:28 of 3rd period - Chris Drury wins face-off versus Jason Spezza in Panthers zone.
2:48 of 3rd period - Icing by Andy Greene.
2:49 of 3rd period - Chris Drury wins face-off versus John Tavares in Panthers zone.
2:58 of 3rd period - Icing by Claude Giroux.
2:59 of 3rd period - Dave Bolland wins face-off versus John Tavares in Senators zone.
3:12 of 3rd period - Icing by Nicklas Lidstrom.
3:13 of 3rd period - John Tavares wins face-off versus David Steckel in Senators zone.
3:15 of 3rd period - Icing by Claude Giroux.
3:16 of 3rd period - John Tavares wins face-off versus David Steckel in Senators zone.
5:36 of 3rd period - Dustin Penner is hit by Nick Foligno and loses puck.
6:13 of 3rd period - Shot by Joffrey Lupul.
6:13 of 3rd period - Stopped by Corey Crawford without a rebound.
6:14 of 3rd period - Dave Bolland wins face-off versus Craig Conroy in Panthers zone.
6:14 of 3rd period - Dave Bolland is hit by Craig Conroy.
6:54 of 3rd period - Minor Penalty to Jamie Benn for Hooking.
6:55 of 3rd period - Andrew Brunette wins face-off versus Ryan Johnson in Senators zone.
7:30 of 3rd period - Shot by Matt Cullen.
7:30 of 3rd period - Goal by Matt Cullen - Panthers : 2 - Senators : 2.
7:31 of 3rd period - Nick Palmieri wins face-off versus John Tavares in neutral zone.
7:40 of 3rd period - Shot by Claude Giroux.
7:40 of 3rd period - Stopped by Corey Crawford without a rebound.
7:41 of 3rd period - Dave Bolland wins face-off versus Jason Spezza in Panthers zone.
8:00 of 3rd period - Dion Phaneuf is hit by Dave Bolland and loses puck.
8:14 of 3rd period - Icing by Brian Rafalski.
8:15 of 3rd period - Jason Spezza wins face-off versus Chris Drury in Senators zone.
8:35 of 3rd period - Shot by John Tavares.
8:35 of 3rd period - Shot Misses the Net.
9:03 of 3rd period - Shot by John Tavares.
9:03 of 3rd period - Shot Blocked by Dave Bolland.
9:09 of 3rd period - Shot by Dustin Penner.
9:09 of 3rd period - Stopped by Brian Boucher without a rebound.
9:10 of 3rd period - Craig Conroy wins face-off versus David Steckel in Senators zone.
9:28 of 3rd period - David Steckel is hit by Andreas Lilja and loses puck.
9:46 of 3rd period - Minor Penalty to Nick Foligno for Hooking.
9:47 of 3rd period - Ryan Johnson wins face-off versus Mike Santorelli in Senators zone.
11:27 of 3rd period - Shot by Matt Cullen.
11:27 of 3rd period - Stopped by Brian Boucher without a rebound.
11:28 of 3rd period - Ryan Smyth wins face-off versus Brad Boyes in Senators zone.
12:09 of 3rd period - Jamie Benn is hit by Ryan OByrne and loses puck.
12:37 of 3rd period - Brad Boyes is hit by Ryan OByrne and loses puck.
14:04 of 3rd period - Shot by Mike Santorelli.
14:04 of 3rd period - Shot Misses the Net.
14:06 of 3rd period - Shot by Chris Drury.
14:06 of 3rd period - Stopped by Brian Boucher without a rebound.
14:07 of 3rd period - John Tavares wins face-off versus Dustin Penner in Senators zone.
14:46 of 3rd period - Shot by Claude Giroux.
14:46 of 3rd period - Deflect By John Tavares.
14:46 of 3rd period - Shot Misses the Net.
14:55 of 3rd period - Jason Blake is hit by Dion Phaneuf and loses puck.
15:13 of 3rd period - Icing by Dion Phaneuf.
15:14 of 3rd period - Chris Drury wins face-off versus Jason Spezza in Senators zone.
15:18 of 3rd period - Icing by Dion Phaneuf.
15:19 of 3rd period - Jason Spezza wins face-off versus Chris Drury in Senators zone.
15:31 of 3rd period - Shot by Brad Boyes.
15:31 of 3rd period - Stopped by Corey Crawford without a rebound.
15:32 of 3rd period - Chris Drury wins face-off versus John Tavares in Panthers zone.
15:40 of 3rd period - John Tavares is hit by Luca Sbisa and loses puck.
15:43 of 3rd period - Shot by John Tavares.
15:43 of 3rd period - Shot Misses the Net.
15:53 of 3rd period - Ryan Smyth is hit by Claude Giroux and loses puck.
17:00 of 3rd period - Dave Bolland is hit by Nick Foligno and loses puck.
17:17 of 3rd period - Minor Penalty to Mike Santorelli for Roughing.
17:18 of 3rd period - Ryan Smyth wins face-off versus Jason Spezza in Panthers zone.
17:38 of 3rd period - Icing by Dion Phaneuf.
17:39 of 3rd period - Jason Spezza wins face-off versus Sam Gagner in Senators zone.
18:08 of 3rd period - Off-side.
18:09 of 3rd period - Matt Cullen wins face-off versus John Tavares in neutral zone.
18:27 of 3rd period - Icing by Claude Giroux.
18:28 of 3rd period - Matt Cullen wins face-off versus John Tavares in Senators zone.
19:00 of 3rd period - Icing by Brian Rafalski.
19:01 of 3rd period - Dave Bolland wins face-off versus Jason Spezza in Senators zone.
19:36 of 3rd period - Shot by Ryan Smyth.
19:36 of 3rd period - Shot Misses the Net.
19:41 of 3rd period - Shot by Anton Volchenkov.
19:41 of 3rd period - Shot Misses the Net.

Overtime #1

0:01 of 1st overtime period - John Tavares wins face-off versus Ryan Smyth in neutral zone.
1:14 of 1st overtime period - Off-side.
1:15 of 1st overtime period - Jason Spezza wins face-off versus Matt Cullen in neutral zone.
1:20 of 1st overtime period - Shot by Claude Giroux.
1:20 of 1st overtime period - Shot Misses the Net.
1:28 of 1st overtime period - Brian Rafalski is hit by Ryan OByrne and loses puck.
1:51 of 1st overtime period - Icing by Brian Rafalski.
1:52 of 1st overtime period - Jason Spezza wins face-off versus Ryan Smyth in Senators zone.
2:57 of 1st overtime period - Jason Spezza is hit by Ryan OByrne.
3:35 of 1st overtime period - Shot by John Tavares.
3:35 of 1st overtime period - Stopped by Corey Crawford with a rebound.
4:24 of 1st overtime period - Shot by Dave Bolland.
4:24 of 1st overtime period - Shot Misses the Net.
4:36 of 1st overtime period - Shot by Chris Drury.
4:36 of 1st overtime period - Stopped by Brian Boucher without a rebound.
4:37 of 1st overtime period - Ryan Smyth wins face-off versus Jason Spezza in Senators zone.
4:44 of 1st overtime period - Shot by Claude Giroux.
4:44 of 1st overtime period - Deflect By Jason Spezza.
4:44 of 1st overtime period - Stopped by Corey Crawford without a rebound.
4:45 of 1st overtime period - Dave Bolland wins face-off versus Jason Spezza in Panthers zone.
4:45 of 1st overtime period - Dave Bolland is hit by Claude Giroux.

ShootOut

ShootOut - Penalty Shot by Ryan Smyth for Panthers.
ShootOut - Stopped by Brian Boucher.
ShootOut - Penalty Shot by Dion Phaneuf for Senators.
ShootOut - Shot Misses the Net.
ShootOut - Penalty Shot by Dave Bolland for Panthers.
ShootOut - Shot Misses the Net.
ShootOut - Penalty Shot by John Tavares for Senators.
ShootOut - Stopped by Corey Crawford.
ShootOut - Penalty Shot by Matt Cullen for Panthers.
ShootOut - Goal by Matt Cullen.
ShootOut - Penalty Shot by Jason Spezza for Senators.
ShootOut - Stopped by Corey Crawford.


Output by the SimonT Hockey Simulator (STHS) for Stephane Roy -- Original Page W3C XHTML 1.0 Valid